 Dungeon Crawl Stone Soup version 0.28-a0-1616-g050a50673c (webtiles) character file.

Game seed: 10901973803141693874

5099 cheechan the Covert (level 10, -15/65 HPs)
             Began as a Vampire Warper on Jan 21, 2022.
             Was a High Priest of Hepliaklqana.
             Blown up by an orb spider (shapeshifter) (55 damage)
             ... with an orb of destruction
             ... on level 10 of the Dungeon on Jan 22, 2022.
             The game lasted 00:54:44 (9117 turns).

cheechan the Covert (Vampire Warper)                Turns: 9117, Time: 00:54:44

Health: -15/65     AC:  6    Str: 18    XL:     10   Next: 32%
Magic:  14/14      EV: 15    Int: 15    God:    Hepliaklqana [*****.]
Gold:   392        SH:  4    Dex: 17    Spells: 3/14 levels left

rFire   . . .      SeeInvis +   j - +4 dagger (vamp)
rCold   . . .      Faith    .   y - +0 buckler of Houbue Vuliz {Fly rPois rCorr}
rNeg    . . .      Spirit   .   C - +0 steam dragon scales
rPois   +          Reflect  .   e - +0 helmet
rElec   .          Harm     .   (no cloak)
rCorr   +          Rampage  .   (no gloves)
Will    +....                   (no boots)
Stlth   +++++.....              (no amulet)
HPRegen 0.40/turn               t - ring of poison resistance
MPRegen 0.14/turn               w - +6 ring of strength

@: flying, healing quickly
A: reduced essence, alive, fangs 3, see invisible, vampiric 2
a: Exsanguinate, Renounce Religion, Recall Ancestor, Ancestor Identity,
Transference, Idealise


You were on level 10 of the Dungeon.
You worshipped Hepliaklqana.
Hepliaklqana was extremely pleased with you.
You visited 1 branch of the dungeon, and saw 10 of its levels.
You also visited: Sewer and Ossuary.

You collected 692 gold pieces.
You spent 300 gold pieces at shops.

Inventory:

Hand Weapons
 j - a +4 vampiric dagger (weapon)
 o - a +2 short sword of electrocution
Missiles
 d - 4 boomerangs of dispersal
 g - 226 stones
 q - 10 poisoned darts
 v - a throwing net
 F - a boomerang
Armour
 e - a +0 helmet (worn)
 y - the +0 buckler of Houbue Vuliz (worn) {Fly rPois rCorr}
   (You found it on level 8 of the Dungeon)

   rPois:     It protects you from poison.
   Fly:       It grants you flight.
   rCorr:     It protects you from acid and corrosion.
 B - a +2 scale mail of poison resistance
 C - +0 steam dragon scales (worn)
Jewellery
 p - a ring of flight
 t - a ring of poison resistance (left hand)
 w - a +6 ring of strength (right hand)
Wands
 E - a wand of iceblast (1) (quivered)
Scrolls
 a - a scroll of amnesia
 c - a scroll of blinking
 n - 2 scrolls of fog
 r - a scroll of enchant weapon
 G - a scroll of brand weapon
Potions
 f - 2 potions of magic
 h - 2 potions of attraction
 i - 3 potions of flight
 k - 3 potions of might
 l - a potion of heal wounds
 m - 2 potions of haste {unknown}
 s - 2 potions of cancellation {unknown}
 u - a potion of mutation {unknown}
 x - a potion of brilliance {unknown}
 z - 3 potions of curing
 A - 3 potions of berserk rage {unknown}
 D - 2 potions of invisibility {unknown}
Miscellaneous
 b - a lightning rod (3/4)


   Skills:
 + Level 4.3 Fighting
 + Level 6.0 Short Blades
 + Level 3.1 Throwing
 + Level 3.5 Armour
 + Level 6.7 Dodging
 + Level 10.6 Stealth
 + Level 0.2 Shields
 + Level 4.3 Unarmed Combat
 + Level 2.7 Spellcasting
 + Level 3.6 Translocations
 + Level 5.6 Evocations


You had 3 spell levels left.
You knew the following spells:

 Your Spells              Type           Power      Damage    Failure   Level
a - Blink                 Tloc           24%        N/A       10%         2
b - Lesser Beckoning      Tloc           12%        N/A       19%         3
c - Manifold Assault      Tloc           12%        N/A       87%         5
d - Animate Skeleton      Necr           4%         N/A       28%         1

Your spell library contained the following spells:

 Spells                   Type           Power      Damage    Failure   Level
 Gell's Gravitas          Tloc           12%        N/A       19%         3
 Teleport Other           Tloc           12%        N/A       19%         3
 Pain                     Necr           8%         1d4       28%         1
 Sublimation of Blood     Necr           2%         N/A       38%         2
 Wereblood                Tmut           2%         N/A       38%         2
 Vampiric Draining        Necr           2%         2d6       63%         3
 Petrify                  Tmut/Erth      2%         N/A       95%         4
 Irradiate                Conj/Tmut      1%         3d14      100%        5
 Summon Hydra             Summ           1%         N/A       100%        7


Dungeon Overview and Level Annotations

Branches:
Dungeon (10/15)            Temple (0/1) D:6            Lair (0/6) D:9
    Orc (0/2) D:9           Sewer (visited)         Ossuary (visited)

Altars:
Ashenzari
Fedhas
Hepliaklqana
Makhleb
Nemelex Xobeh
Trog
Vehumet
Wu Jian
The Shining One

Shops:
D:9 (*

Annotations:
D:4 Grinder
D:8 2 transporters, murtidash's ghost, journeyman DjCA
D:9 2 transporters, Heh's ghost, journeyman OpFi


Innate Abilities, Weirdness & Mutations

Your life essence is reduced to manifest your ancestor. (-10% HP)
Your natural rate of healing is accelerated.
You have razor-sharp teeth.
You have supernaturally acute eyesight. (SInv)
You are afflicted with vampirism and can become a bat while bloodless.


Message History

The swamp worm bites you.
You hit the swamp worm.
You feel better.
Your bite misses the swamp worm.
The swamp worm is lightly wounded.
The swamp worm bites you!
You feel much better. The swamp worm bites you!
Okay, then.
You miss the swamp worm.
The swamp worm is lightly wounded.
The swamp worm barely misses you.
As you read the scroll of fear, it crumbles to dust.
You assume a fearsome visage.
The swamp worm looks frightened!
You see here a scroll of enchant weapon.
r - a scroll of enchant weapon You start resting.
You hear the creaking of a portcullis very nearby.
An orb spider comes into view.
The orb spider begins to weave its threads into a brightly glowing ball.
Hepliaklqana emerges from the mists of memory!
The orb spider weaves a glowing orb of energy.
The vampire casts a spell.
The vampire flickers and vanishes for a moment.
Hepliaklqana casts a spell at the vampire.
The stone arrow hits the vampire!
An orb of destruction comes into view.
Aiming: Iceblast
Press: ? - help, Q - select action, (/) - cycle Shift-Dir - straight line, f/p - orb spider
Aim: an orb spider The mass of ice explodes!
The iceblast engulfs the orb spider!
The orb spider is moderately wounded.
Unknown command.
Aiming: Iceblast
Press: ? - help, Q - select action, (/) - cycle Shift-Dir - straight line, p - orb spider The mass of ice explodes!
The iceblast engulfs the orb spider!
The orb spider is severely wounded.
The orb spider begins to weave its threads into a brightly glowing ball.
The vampire hits Hepliaklqana!
The vampire bites Hepliaklqana!
Hepliaklqana closely misses the vampire.
The orb of destruction hits you!!!
Ouch! That really hurt!
You die...

..................
##................##....
#................##...#
#................##...#
###..s###..........##...#
......○○...........##...#
........°○(.............#
.......VR.☼.............####
...........@................
..#####################.....
. #..##. #..##. #..##.
#..##. #..##. #..##.
####.....


You could see the friendly Hepliaklqana the battlemage, an orb spider (charged)
and a vampire (invisible, ally target).

Vanquished Creatures
  A hornet (D:9)
  2 water moccasins
  3 orc warriors
  A hornet zombie (D:8)
  An ogre (D:5)
  4 centaurs
  A kobold brigand (D:9)
  A gnoll sergeant (D:9)
  2 bullfrogs
  A wyvern zombie (D:9)
  A scorpion (D:3)
  A killer bee (D:9)
  A bullfrog zombie (D:5)
  2 centaur zombies
  A centaur skeleton (D:7)
  2 hounds
  2 orc priests
  Jessica (D:2)
  5 orc wizards
  An iguana (D:6)
  8 mummies (Ossuary)
  Robin (D:2)
  4 gnolls (D:9)
  3 adders
  11 orcs
  4 ball pythons
  7 endoplasms
  4 giant cockroaches
  7 goblins
  3 hobgoblins
  3 jackals (D:2)
  8 kobolds
  3 quokkas
  A bat (D:3)
  5 frilled lizards
  A hobgoblin zombie (Ossuary)
  2 kobold zombies (Ossuary)
  4 orc zombies (Ossuary)
  3 rats
116 creatures vanquished.

Vanquished Creatures (collateral kills)
  A deep elf pyromancer (D:10)
  A komodo dragon (D:9)
  A shadow (D:10)
  A steam dragon (D:6)
  Edmund (D:4)
  Pargi (Sewer)
  3 orc warriors (D:9)
  A black bear (D:4)
  2 ogres
  A centaur (D:7)
  A kobold brigand (D:7)
  A wyvern zombie (D:6)
  2 scorpions
  A water moccasin skeleton (D:4)
  A wyvern skeleton (D:7)
  2 killer bees (D:9)
  A hound (D:4)
  2 jellies
  4 orc priests
  A centaur skeleton (D:6)
  4 iguanas
  6 orc wizards
  A killer bee zombie (D:6)
  A hound zombie (D:5)
  A howler monkey zombie (D:9)
  3 adders
  A white imp (D:6)
  An ufetubus (D:7)
  A worm (D:9)
  2 dart slugs
  12 orcs
  6 ball pythons
  2 giant cockroaches (D:4)
  A gnoll zombie (Ossuary)
  A hobgoblin (D:3)
  A jackal (D:9)
  2 frilled lizards
  7 kobolds
  2 rats
84 creatures vanquished.

Vanquished Creatures (others)
  5 battlemagi
  An ancestor (D:2)
  2 plants (D:9)
8 creatures vanquished.

Grand Total: 208 creatures vanquished

Notes
Turn   | Place    | Note
-------+----------+-------------------------------------------
     0 | D:1      | cheechan the Vampire Warper began the quest for the Orb.
     0 | D:1      | Reached XP level 1. HP: 16/16 MP: 3/3
   222 | D:1      | Reached XP level 2. HP: 18/22 MP: 5/5
   225 | D:1      | Learned a level 2 spell: Blink
   769 | D:1      | Reached skill level 1 in Armour
   802 | D:1      | Found a faded altar of an unknown god.
   826 | D:1      | Prayed at the altar of an unknown god.
   826 | D:1      | Became a worshipper of Hepliaklqana the Forgotten
   826 | D:1      | Reached * piety under Hepliaklqana
  1151 | D:2      | Noticed Jessica
  1155 | D:2      | Killed Jessica
  1156 | D:2      | Gained mutation: You are afflicted with vampirism and can
                  | become a bat while bloodless. [Vampire growth]
  1156 | D:2      | Reached XP level 3. HP: 21/24 MP: 6/6
  1628 | D:2      | Noticed Robin
  1670 | D:2      | Killed Robin
  1671 | D:2      | Reached XP level 4. HP: 17/29 MP: 7/7
  1761 | D:2      | Reached ** piety under Hepliaklqana
  1762 | D:2      | Remembered your ancestor Hepliaklqana as a battlemage
  2214 | D:3      | Learned a level 3 spell: Lesser Beckoning
  2230 | D:3      | Reached skill level 1 in Stealth
  2287 | D:3      | Noticed a scorpion
  2302 | D:3      | Killed a scorpion
  2303 | D:3      | Reached XP level 5. HP: 30/34 MP: 8/8
  3146 | D:4      | Noticed Grinder
  3164 | D:4      | Reached *** piety under Hepliaklqana
  3170 | D:4      | Found a glowing drain.
  3180 | D:4      | Reached XP level 6. HP: 23/32 MP: 6/9
  3197 | D:4      | Reached skill level 2 in Stealth
  3208 | Sewer    | Entered a sewer
  3237 | Sewer    | Noticed Pargi
  3268 | Sewer    | Killed Pargi
  3569 | D:4      | Found a sand-covered staircase.
  3579 | Ossuary  | Entered an ossuary
  3599 | Ossuary  | Reached skill level 3 in Stealth
  3608 | Ossuary  | Reached skill level 1 in Unarmed Combat
  3608 | Ossuary  | Reached XP level 7. HP: 13/35 MP: 8/10
  3864 | D:4      | Reached skill level 4 in Stealth
  4123 | D:4      | Noticed Edmund
  4141 | D:4      | Killed Edmund
  4142 | D:4      | Reached skill level 5 in Stealth
  4142 | D:4      | Reached skill level 1 in Evocations
  4388 | D:5      | Entered Level 5 of the Dungeon
  4424 | D:5      | Reached skill level 6 in Stealth
  4471 | D:5      | Upgraded the game from 0.28-a0-1613-gdaab1c2f9b to
                  | 0.28-a0-1616-g050a50673c
  4520 | D:5      | Reached XP level 8. HP: 17/39 MP: 11/11
  4838 | D:5      | Reached skill level 7 in Stealth
  4943 | D:6      | Reached skill level 5 in Dodging
  4946 | D:6      | Reached **** piety under Hepliaklqana
  5146 | D:6      | Found an ornate altar of the Wu Jian Council.
  5282 | D:6      | Found a bloodstained altar of Trog.
  5327 | D:6      | Found a staircase to the Ecumenical Temple.
  5561 | D:7      | Found a burning altar of Makhleb.
  5711 | D:7      | Reached skill level 8 in Stealth
  5739 | D:7      | Reached XP level 9. HP: 5/57 MP: 12/12
  5910 | D:7      | You fall into a shaft and drop 2 floors!
  6119 | D:9      | Reached skill level 1 in Throwing
  6232 | D:9      | Found Sugef's Weapon Shoppe.
  6292 | D:9      | Learned a level 5 spell: Manifold Assault
  6338 | D:9      | Noticed a queen bee
  6351 | D:9      | Found a transporter.
  6356 | D:9      | Found a transporter.
  6357 | D:9      | Noticed Heh's ghost (journeyman OpFi)
  6370 | D:9      | Paralysed by a hornet for 3 turns
  6375 | D:9      | Reached skill level 9 in Stealth
  6595 | D:9      | Found Dixoimieme's Elemental Accessories.
  6607 | D:9      | Bought a lightning rod (4/4) for 300 gold pieces
  6611 | D:9      | Reached skill level 5 in Short Blades
  6681 | D:9      | Reached skill level 5 in Evocations
  6748 | D:9      | Found a staircase to the Orcish Mines.
  6818 | D:9      | Found a staircase to the Lair.
  6821 | D:9      | Noticed a komodo dragon
  6847 | D:9      | Killed a komodo dragon
  7196 | D:8      | Reached XP level 10. HP: 43/63 MP: 14/14
  7226 | D:8      | Learned a level 1 spell: Animate Skeleton
  7382 | D:8      | Reached ***** piety under Hepliaklqana
  7438 | D:8      | Found a transporter.
  7440 | D:8      | Found a transporter.
  7455 | D:8      | Found a bloodstained altar of Trog.
  7460 | D:8      | Noticed murtidash's ghost (journeyman DjCA)
  7460 | D:8      | Noticed a moth of wrath
  7568 | D:8      | Identified the +0 buckler of Houbue Vuliz {Fly rPois rCorr}
  7936 | D:8      | Found a blossoming altar of Fedhas.
  7965 | D:8      | Found a broken altar of Ashenzari.
  8075 | D:7      | Reached skill level 10 in Stealth
  8796 | D:10     | Entered Level 10 of the Dungeon
  8802 | D:10     | Noticed a deep elf pyromancer
  8813 | D:10     | Killed a deep elf pyromancer
  8861 | D:10     | Found a sparkling altar of Nemelex Xobeh.
  8861 | D:10     | Found a radiant altar of Vehumet.
  9109 | D:10     | Noticed an orb spider
  9117 | D:10     | Blown up by an orb spider (shapeshifter)

Illustrated notes

Levels and vault maps discovered:
D:1:      dpeg_arrival_oval, layout_basic,
          shapermc_ecumenical_altar_mp_highgroup, minmay_misc_feat_doors,
          nicolae_concentric_dashed_squares_mild
D:2:      layout_basic, supply_closet_lemuel, kennysheep_generic_room_13,
          uniq_robin, uniq_jessica
D:3:      layout_basic
D:4:      layout_layer_cave, enter_ossuary_3, portal_sewer_entry_a,
          corexii_leaking_fountain, dk_noncrumbling_3, minmay_door_square,
          uniq_grinder, uniq_edmund
D:5:      layout_rooms, kb_lookout_dungeons_type
D:6:      layout_basic, lightli_temple_of_fire,
          mainiacjoe_overflow_six_doors_small, lemuel_temple_firewalk_b
D:7:      layout_basic, mainiacjoe_overflow_alcove_4, minmay_misc_feat_five,
          minmay_stone_trees_small
D:8:      layout_basic, mainiacjoe_overflow_divided_tiny, ashenzari_altar_1,
          gammafunk_ghost_wrathful_warriors
D:9:      layout_long_grid, david_lair_shrubbed, david_orc_4, serial_shops,
          shop, gammafunk_ghost_hive, nicolae_elemental_shop
D:10:     layout_stronghold, gammafunk_temple_overflow_wave, enter_bailey_2

Skill      XL: |  1  2  3  4  5  6  7  8  9 10 |
---------------+-------------------------------+-----
Fighting       | 2 3 4 |  4.3
Armour         | 1 2 3 |  3.5
Translocations | 3 |  3.6
Stealth        | 1 3 6 8 9 10 | 10.6
Short Blades   | 3 4 5 6 |  6.0
Dodging        | 3 4 5 6 |  6.7
Unarmed Combat | 1 2 4 |  4.3
Evocations     | 1 4 5 |  5.6
Throwing       | 2 3 |  3.1
Shields        | |  0.2
Spellcasting   | |  2.7

Action                   |  1- 3 |  4- 6 |  7- 9 | 10-12 || total
-------------------------+-------+-------+-------+-------++-------
Melee: Short sword       |    86 |       |       |       ||    86
       Bite              |     6 |    17 |    24 |    10 ||    57
       Punch             |     2 |       |     5 |       ||     7
       Dagger            |       |    37 |   137 |    52 ||   226
       Unarmed           |       |    51 |    23 |       ||    74
Throw: Dart              |       |       |    24 |     5 ||    29
       Boomerang         |       |       |     1 |     3 ||     4
 Cast: Blink             |     1 |     1 |     4 |       ||     6
Invok: Ancestor Identity |     1 |       |       |       ||     1
       Ancestor Life: Ba |       |     1 |       |       ||     1
       Recall Ancestor   |       |     4 |     3 |       ||     7
 Abil: Bat Form          |       |     1 |       |       ||     1
       Exsanguinate      |       |     1 |       |       ||     1
       Revivify          |       |       |     1 |       ||     1
Evoke: Wand              |       |     9 |    51 |     6 ||    66
       Lightning rod     |       |       |     4 |       ||     4
  Use: Scroll            |     1 |     2 |    18 |     2 ||    23
       Potion            |       |       |       |     3 ||     3
 Stab: Distracted        |       |     1 |     3 |     1 ||     5
       Sleeping          |       |     9 |     3 |     2 ||    14
Armor: Leather armour    |    24 |     7 |     2 |       ||    33
       Scale mail        |       |       |     7 |       ||     7
       Steam dragon scal |       |       |    18 |    14 ||    32
Dodge: Dodged            |    45 |    86 |   111 |    26 ||   268
Block: Buckler           |       |       |       |     8 ||     8

Table legend: (Time is in decaauts)
 A = Elapsed time spent in this place.
 B = Non-inter-level travel time spent in this place.
 C = Inter-level travel time spent in this place.
 D = Time resting spent in this place.
 E = Time spent auto-exploring this place.
 F = Levels seen in this place.
 G = Mean time per level.
                   A        B        C        D        E       F      G
               +--------+--------+--------+--------+--------+-----+--------+
         Total |   8403 |   8403 |      0 |    681 |      0 |  12 |  700.2 |
       Dungeon |   8119 |   8119 |      0 |    681 |      0 |  10 |  811.9 |
         Sewer |    128 |    128 |      0 |      0 |      0 |   1 |  128.0 |
       Ossuary |    155 |    155 |      0 |      0 |      0 |   1 |  155.0 |
               +--------+--------+--------+--------+--------+-----+--------+

Top non-repeatable levels by time:
     D:9: 1252 daAuts
     D:2: 1123 daAuts
     D:7: 1098 daAuts
     D:1: 1049 daAuts
     D:8: 852 daAuts
     D:3: 806 daAuts
     D:6: 651 daAuts
     D:4: 536 daAuts
     D:5: 434 daAuts
    D:10: 314 daAuts
 Ossuary: 155 daAuts
   Sewer: 128 daAuts
